 Dungeon Crawl Stone Soup version 0.26-a0-597-gb535b0901c (webtiles) character file.

Game seed: 7350928020208830682

32 Lanoc the Stinger (level 3, -1/24 HPs)
             Began as a Demonspawn Venom Mage on Sept 11, 2020.
             Slain by a worm (10 damage)
             ... on level 2 of the Dungeon.
             The game lasted 00:01:53 (614 turns).

Lanoc the Stinger (Demonspawn Venom Mage)            Turns: 614, Time: 00:01:53

Health: -1/24      AC:  2    Str:  8    XL:     3   Next: 10%
Magic:  0/6        EV: 12    Int: 17    God:
Gold:   51         SH:  0    Dex: 13    Spells: 5/6 levels left

rFire    . . .     SeeInvis .   (no weapon)
rCold    . . .     Faith    .   (no shield)
rNeg     . . .     Spirit   +   a - +0 robe
rPois    .         Reflect  .   (helmet restricted)
rElec    .         Harm     .   (no cloak)
rCorr    .                      (no gloves)
MR       .....                  (no boots)
Stlth    ++........             (no amulet)
HPRegen  0.08/turn              (no ring)
MPRegen  0.10/turn              (no ring)

@: hasted, very quick
A: horns 1, magic shield
a: no special abilities


You were on level 2 of the Dungeon.
You visited 1 branch of the dungeon, and saw 2 of its levels.

You collected 51 gold pieces.

Inventory:

Armour
 a - a +0 robe (worn)
Scrolls
 c - a scroll of remove curse {unknown}
 e - a scroll of enchant armour {unknown}


   Skills:
 + Level 2.3 Dodging
 - Level 1.7 Stealth
 - Level 2.0 Spellcasting
 - Level 0.8 Transmutations
 * Level 3.9 Poison Magic


You had 5 spell levels left.
You knew the following spells:

 Your Spells              Type           Power        Failure   Level
a - Sting                 Tmut/Pois      #...         8%          1

Your spell library contained the following spells:

 Spells                   Type           Power        Failure   Level
 Poisonous Vapours        Pois/Air       #.....       13%         2
 Ignite Poison            Fire/Tmut/Pois #.......     30%         3
 Mephitic Cloud           Conj/Pois/Air  #.......     34%         3
 Olgreb's Toxic Radiance  Pois           ###.....     36%         4


Dungeon Overview and Level Annotations

Branches:
Dungeon (2/15)

Altars:


Innate Abilities, Weirdness & Mutations

You have a pair of small horns on your head.
When hurt, damage is shared between your health and your magic reserves.


Message History

You headbutt the hobgoblin, but do no damage.
The hobgoblin is severely wounded.
The gnoll hits you with a +0 flail.
* * * LOW HITPOINT WARNING * * *
The hobgoblin closely misses you.
It was a potion of heal wounds.
You feel much better. The gnoll completely misses you.
The hobgoblin misses you.
You closely miss the hobgoblin.
The hobgoblin is severely wounded.
The gnoll closely misses you. The hobgoblin misses you.
You hit the hobgoblin.
You kill the hobgoblin!
A worm comes into view.
Found 21 stones.
You see here 21 stones.
It was a potion of haste.
You feel yourself speed up. The gnoll hits you with a +0 flail!
Ouch! That really hurt!
The worm bites you!
You die...

#.#### #.....
...... ####.##.#
#.##.##.##########
#..........g.g.gJ#
..##.##..#######.#
...g.†.....# #g#
.##..#...#.# #@#
.##..#.....# #w#
.##.....##.# #..
.##..##.# .# #.##
###.###.# # #.#
#.# #.# ### #.# .#


You could see a worm, 2 gnolls and an ooze.

Vanquished Creatures
  An adder (D:2)
  A worm (D:2)
  A dart slug (D:1)
  A leopard gecko (D:2)
  A giant cockroach (D:2)
  3 hobgoblins
  A jackal (D:2)
  5 kobolds
  A quokka (D:2)
  A rat (D:1)
16 creatures vanquished.

Notes
Turn   | Place    | Note
-------+----------+-------------------------------------------
     0 | D:1      | Lanoc the Demonspawn Venom Mage began the quest for the
                  | Orb.
     0 | D:1      | Reached XP level 1. HP: 13/13 MP: 3/3
   190 | D:2      | Gained mutation: When hurt, damage is shared between your
                  | health and your magic reserves. [demonic ancestry]
   190 | D:2      | Reached XP level 2. HP: 16/19 MP: 0/5
   567 | D:2      | Gained mutation: You have a pair of small horns on your
                  | head. [demonic ancestry]
   567 | D:2      | Reached XP level 3. HP: 24/24 MP: 2/6
   606 | D:2      | HP: 1/24 [gnoll/+0 flail (4)]
   614 | D:2      | Slain by a worm

Illustrated notes

Levels and vault maps discovered:
D:1:      minmay_arrival_four_houses, layout_basic
D:2:      layout_basic

Skill      XL: |  1 |
---------------+----+-----
Dodging        | 2 |  2.3
Stealth        | |  1.7
Spellcasting   | |  2.0
Transmutations | |  0.8
Poison Magic   | |  3.9

Action                   || total
-------------------------++-------
Melee: Unarmed           ||    35
       Headbutt          ||     2
 Cast: Sting             ||    33
  Use: Potion            ||     2
Armor: Robe              ||     4
Dodge: Dodged            ||    43

Table legend: (Time is in decaauts)
 A = Elapsed time spent in this place.
 B = Non-inter-level travel time spent in this place.
 C = Inter-level travel time spent in this place.
 D = Time resting spent in this place.
 E = Time spent auto-exploring this place.
 F = Levels seen in this place.
 G = Mean time per level.
                   A        B        C        D        E       F      G
               +--------+--------+--------+--------+--------+-----+--------+
         Total |    613 |    602 |     11 |    148 |    278 |   2 |  306.5 |
       Dungeon |    613 |    602 |     11 |    148 |    278 |   2 |  306.5 |
               +--------+--------+--------+--------+--------+-----+--------+

Top non-repeatable levels by time:
     D:2: 474 daAuts
     D:1: 139 daAuts
